 Dungeon Crawl Stone Soup version 0.29.0-4-gdea44cf6ec (webtiles) character file.

Game seed: 10192022687470253474

680 qw the Chopper (level 7, -7/41 HPs)
             Began as a Tengu Warper on Aug 28, 2022.
             Was a Follower of Okawaru.
             Mangled by an ogre
             ... wielding a +0 giant club
              (32 damage)
             ... on level 5 of the Dungeon.
             The game lasted 00:00:30 (5551 turns).

qw the Chopper (Tengu Warper)                       Turns: 5551, Time: 00:00:31

Health: -7/41      AC: 10    Str: 14    XL:     7   Next: 60%
Magic:  9/11       EV:  9    Int: 13    God:    Okawaru [*.....]
Gold:   251        SH:  6    Dex: 13    Spells: 10/10 levels left

rFire   + + +      SeeInvis +   c - +0 war axe
rCold   . . .      Faith    .   g - +1 buckler "Usmaptoa" {rF++ Regen+ Stlth+}
rNeg    . . .      Spirit   .   f - +0 chain mail
rPois   .          Reflect  .   (helmet restricted)
rElec   .          Harm     .   (no cloak)
rCorr   .          Rampage  .   (no gloves)
Will    .....                   (boots unavailable)
Stlth   +.........              (no amulet)
HPRegen 0.93/turn               j - ring of see invisible
MPRegen 0.12/turn               l - ring of protection from fire

@: heroic, flying quickly and evasively, quick
A: beak, talons 3, nimble flight
a: Renounce Religion, Heroism


You were on level 5 of the Dungeon.
You worshipped Okawaru.
Okawaru was aware of your devotion.
You visited 2 branches of the dungeon, and saw 6 of its levels.

You collected 251 gold pieces.


Innate Abilities, Weirdness & Mutations

You have a beak for a mouth.
You have claws for feet.
Your magical nature lets you fly swiftly and evasively.


   Skills:
 - Level 3.0(8.0) Fighting
 + Level 7.6(12.6) Axes
 - Level 1.0(6.0) Throwing
 - Level 2.0(7.0) Armour
 - Level 2.1(7.1) Dodging
 - Level 2.0(7.0) Shields
 - Level 2.0 Spellcasting
 - Level 2.4 Translocations
 + Level 2.1 Invocations


You had 10 spell levels left.
You didn't know any spells.
Your spell library contained the following spells:

 Spells                   Type           Power      Damage    Failure   Level
 Blink                    Tloc           14%        N/A       97%         2
 Gell's Gravitas          Tloc           7%         N/A       100%        3
 Lesser Beckoning         Tloc           7%         N/A       100%        3
 Teleport Other           Tloc           7%         N/A       100%        3
 Manifold Assault         Tloc           7%         N/A       100%        5

Inventory:

Hand Weapons
 c - a +0 war axe (weapon)
 h - a +0 morningstar
Armour
 f - a +0 chain mail (worn)
 g - the +1 buckler "Usmaptoa" (worn) {rF++ Regen+ Stlth+}
   (You acquired it on level 5 of the Dungeon)

   rF:        It greatly protects you from fire.
   Regen:     It increases your rate of health regeneration.
   Stlth:     It makes you more stealthy.
Jewellery
 i - a ring of positive energy
 j - a ring of see invisible (left hand)
 l - a ring of protection from fire (right hand)
Scrolls
 a - 2 scrolls of identify
Potions
 b - a potion of flight {unknown}
 e - 6 potions of curing
 k - a potion of haste
 m - a potion of resistance

Dungeon Overview and Level Annotations

Branches:
Dungeon (5/15)             Temple (1/1) D:4

Altars:
Cheibriados
Dithmenos
Fedhas
Kikubaaqudgha
Makhleb
Okawaru
Qazlal
Ru
Sif Muna
Trog
Uskayaw
Vehumet
Wu Jian
Xom
Yredelemnul
Zin
The Shining One

Shops:
D:3 (


Message History

You feel like a meek peon again.
You hear the rusting of a very distant drain.
Magic restored.
You start resting.
HP restored.
You see here an iguana corpse.
e - 6 potions of curing (gained 1)
You now have 251 gold pieces (gained 7).
Found a spear.
The ogre shouts!
5529 ||| INVOKING Heroism.
You gain the combat prowess of a mighty hero.
You hit the ogre but do no damage. You claw the ogre!
The ogre is severely wounded.
The ogre hits you with a +0 giant club!
You hit the ogre. You claw the ogre. You peck the ogre.
The ogre is almost dead.
You slash the ogre!
You kill the ogre!
Okawaru accepts your kill.
Your Invocations skill increases to level 2!
You start resting.
You feel like a meek peon again.
HP restored.
An ogre comes into view. It is wielding a +0 giant club.
5543 ||| Stepping ~*~*~tactically~*~*~ (stealth).
Magic restored.
The ogre shouts!
5548 ||| INVOKING Heroism.
You gain the combat prowess of a mighty hero.
You hit the ogre. You peck the ogre.
The ogre is moderately wounded.
The ogre hits you with a +0 giant club!
You hit the ogre. You claw the ogre. You peck the ogre.
The ogre is heavily wounded.
You barely miss the ogre.
The ogre is heavily wounded.
The ogre hits you with a +0 giant club!!
Ouch! That really hurt!
You die...

.. ###. ## ...
.. ## #.. . ...
..#. ..# #
..###.###
..##.##.#.)....
#.....O@..#.#
.....##.)...##
... #.##..... .
#.##.##..
##.#..##..
##.###.........
#........####..
...###..### #
###....#


You could see an ogre.

Vanquished Creatures
  An ice beast (D:5)
  An ogre (D:5)
  A phantom (D:5)
  A howler monkey (D:5)
  2 hounds
  An orc priest (D:5)
  A jelly (D:4)
  3 iguanas
  2 orc wizards
  3 adders
  A shadow imp (D:5)
  3 worms
  2 dart slugs
  13 orcs
  8 ball pythons
  4 endoplasms
  7 giant cockroaches
  8 hobgoblins
  3 jackals (D:1)
  4 quokkas
  5 bats
  3 frilled lizards
  7 goblins
  3 kobolds
  8 rats
95 creatures vanquished.

Notes
Turn   | Place    | Note
-------+----------+-------------------------------------------
     0 | D:1      | qw the Tengu Warper began the quest for the Orb.
     0 | D:1      | Reached XP level 1. HP: 12/12 MP: 4/4
     0 | D:1      | 0 ||| qw: Version: 0.1-a-89-g26bdef1
     0 | D:1      | 0 ||| qw: Game counter: 52
     0 | D:1      | 0 ||| qw: Always use a shield: true
     0 | D:1      | 0 ||| qw: God list: Okawaru
     0 | D:1      | 0 ||| qw: Allow faded altars: false
     0 | D:1      | 0 ||| qw: Do Orc after D:15 true
     0 | D:1      | 0 ||| qw: Do second Lair branch before Depths: true
     0 | D:1      | 0 ||| qw: Lair rune preference: random
     0 | D:1      | 0 ||| qw: Plans: Normal
     0 | D:1      | 0 ||| PLANNING D:1-11
   151 | D:1      | Reached XP level 2. HP: 10/17 MP: 6/6
   350 | D:1      | Reached skill level 3 in Axes
   366 | D:1      | 366 ||| Stepping ~*~*~tactically~*~*~ (hiding).
   790 | D:1      | 790 ||| Stepping ~*~*~tactically~*~*~ (stealth).
   791 | D:1      | 791 ||| Stepping ~*~*~tactically~*~*~ (stealth).
   827 | D:1      | 827 ||| Stepping ~*~*~tactically~*~*~ (stealth).
   828 | D:1      | 828 ||| Stepping ~*~*~tactically~*~*~ (stealth).
   913 | D:1      | Reached XP level 3. HP: 17/21 MP: 7/7
  1406 | D:1      | 1406 ||| READING 2 scrolls labelled SISMORIROES.
  1407 | D:1      | 1407 ||| READING scroll labelled XEOGOUJ XAQUF.
  1408 | D:1      | 1408 ||| READING scroll labelled PIMUVI TOCOPH.
  1409 | D:1      | 1409 ||| READING scroll labelled FAFOCVITROPN.
  1414 | D:1      | 1414 ||| DRINKING 2 clear potions.
  1415 | D:1      | 1415 ||| DROPPING scroll of blinking.
  1474 | D:2      | Reached skill level 4 in Axes
  1497 | D:2      | 1497 ||| FLEEEEING.
  1506 | D:2      | 1506 ||| STAIRDANCE
  1605 | D:2      | 1605 ||| Stepping ~*~*~tactically~*~*~ (stealth).
  1607 | D:2      | 1607 ||| Stepping ~*~*~tactically~*~*~ (stealth).
  2186 | D:2      | Reached XP level 4. HP: 23/26 MP: 8/8
  2231 | D:2      | Found a faded altar of an unknown god.
  2301 | D:2      | 2301 ||| UPGRADING to +0 ring mail.
  2311 | D:2      | 2311 ||| DROPPING +0 leather armour.
  2312 | D:2      | 2312 ||| UPGRADING to ring of positive energy.
  2313 | D:2      | 2313 ||| UPGRADING to ring of protection from fire.
  2314 | D:2      | 2314 ||| READING scroll labelled FUC HIYLOENT.
  2315 | D:2      | 2315 ||| READING scroll labelled FYRYGA TIESS.
  2315 | D:2      | Identified a scroll of acquirement
  2315 | D:2      | 2315 ||| ACQUIRING -1 buckler "Edick" {rN+ rCorr}
  2315 | D:2      | Acquired the -1 buckler "Edick" {rN+ rCorr}
  2317 | D:2      | 2317 ||| UPGRADING to -1 buckler "Edick" {rN+ rCorr}.
  2322 | D:2      | 2322 ||| DRINKING 2 coppery potions.
  2323 | D:2      | 2323 ||| READING 4 scrolls of identify.
  2323 | D:2      | 2323 ||| IDENTIFYING fuming sapphire potion
  2324 | D:2      | 2324 ||| DROPPING potion of invisibility.
  2325 | D:2      | 2325 ||| DROPPING potion of brilliance.
  2360 | D:3      | 2360 ||| STAIRDANCE
  2525 | D:3      | 2525 ||| Stepping ~*~*~tactically~*~*~ (stealth).
  2533 | D:3      | 2533 ||| Stepping ~*~*~tactically~*~*~ (stealth).
  2550 | D:3      | Reached skill level 1 in Shields
  2550 | D:3      | HP: 6/26 [goblin/+0 spear (1)]
  2551 | D:3      | 2551 ||| READING 2 scrolls of teleportation.
  2940 | D:3      | 2940 ||| Stepping ~*~*~tactically~*~*~ (stealth).
  2942 | D:3      | 2942 ||| Stepping ~*~*~tactically~*~*~ (hiding).
  2951 | D:3      | 2951 ||| DRINKING 5 potions of curing.
  2951 | D:3      | 2951 ||| (to cure confusion)
  2954 | D:3      | Reached skill level 5 in Axes
  3143 | D:3      | Found Adosm's Antique Weapon Boutique.
  3149 | D:3      | Gained mutation: Your magical nature lets you fly swiftly
                  | and evasively. [Tengu growth]
  3149 | D:3      | Reached XP level 5. HP: 28/30 MP: 9/9
  3180 | D:3      | 3180 ||| SHOPLISTING encrusted eveningstar (600 gold, have
                  | 174).
  3180 | D:3      | 3180 ||| SHOPLISTING glowing flail (195 gold, have 174).
  3208 | D:3      | 3208 ||| READING scroll of enchant weapon.
  3208 | D:3      | 3208 ||| ENCHANTING +1 hand axe.
  3334 | D:3      | 3334 ||| READING 2 scrolls labelled XURETWYROH.
  3335 | D:3      | 3335 ||| DRINKING 2 black potions.
  3336 | D:3      | 3336 ||| DRINKING 2 glowing ruby potions.
  3337 | D:3      | 3337 ||| READING 3 scrolls of identify.
  3337 | D:3      | 3337 ||| IDENTIFYING fuming black potion
  3338 | D:3      | 3338 ||| DROPPING potion of magic.
  3339 | D:3      | 3339 ||| DROPPING scroll of immolation.
  3340 | D:3      | 3340 ||| DROPPING potion of attraction.
  3713 | D:4      | HP: 7/30 [iguana (13)]
  3714 | D:4      | 3714 ||| READING 2 scrolls of teleportation.
  4100 | D:4      | Reached skill level 6 in Axes
  4170 | D:4      | Found a staircase to the Ecumenical Temple.
  4171 | D:4      | 4171 ||| PLANNING TEMPLE
  4171 | D:4      | 4171 ||| UPGRADING to ring of see invisible.
  4173 | D:4      | 4173 ||| READING scroll labelled JABREJ XYDAG.
  4274 | D:4      | 4274 ||| READING scroll labelled QUMEVA TEKYOLI.
  4394 | D:4      | 4394 ||| DRINKING 2 smoky golden potions.
  4498 | D:4      | 4498 ||| READING 3 scrolls of identify.
  4498 | D:4      | 4498 ||| IDENTIFYING bubbling yellow potion
  4499 | D:4      | 4499 ||| DROPPING potion of berserk rage.
  4507 | Temple   | Entered the Ecumenical Temple
  4513 | Temple   | Became a worshipper of Warmaster Okawaru
  4674 | Temple   | 4674 ||| PLANNING D:1-11
  4765 | D:4      | 4765 ||| SWAPPING to +0 war axe.
  4787 | D:4      | 4787 ||| DROPPING +2 hand axe.
  4802 | D:4      | 4802 ||| Stepping ~*~*~tactically~*~*~ (stealth).
  4809 | D:4      | 4809 ||| DROPPING +0 club.
  4881 | D:4      | Found a stormy altar of Qazlal.
  4899 | D:4      | Reached XP level 6. HP: 16/35 MP: 10/10
  5172 | D:5      | Entered Level 5 of the Dungeon
  5173 | D:5      | 5173 ||| PLANNING SEWER
  5176 | D:5      | 5176 ||| STAIRDANCE
  5184 | D:4      | 5184 ||| UPGRADING to +0 chain mail.
  5194 | D:4      | 5194 ||| DROPPING +0 ring mail.
  5198 | D:5      | 5198 ||| STAIRDANCE
  5221 | D:5      | 5221 ||| STAIRDANCE
  5311 | D:5      | 5311 ||| READING scroll of acquirement.
  5311 | D:5      | 5311 ||| ACQUIRING +1 buckler "Usmaptoa" {rF++ Regen+
                  | Stlth+}
  5311 | D:5      | Acquired the +1 buckler "Usmaptoa" {rF++ Regen+ Stlth+}
  5313 | D:5      | 5313 ||| UPGRADING to +1 buckler "Usmaptoa" {rF++ Regen+
                  | Stlth+}.
  5323 | D:5      | 5323 ||| DROPPING -1 buckler "Edick" {rN+ rCorr}.
  5364 | D:5      | 5364 ||| Stepping ~*~*~tactically~*~*~ (hiding).
  5368 | D:5      | Identified the amulet "Eponoutoxki" {Faith rElec}
  5383 | D:5      | Reached skill level 7 in Axes
  5383 | D:5      | 5383 ||| Stepping ~*~*~tactically~*~*~ (hiding).
  5384 | D:5      | Reached * piety under Okawaru
  5385 | D:5      | 5385 ||| INVOKING Heroism.
  5385 | D:5      | HP: 8/36 [orc/+0 short sword (3)]
  5386 | D:5      | 5386 ||| READING scroll of teleportation.
  5389 | D:5      | HP: 3/36 [orc priest/nerve-wracking pain (2)]
  5391 | D:5      | Reached skill level 3 in Fighting
  5444 | D:5      | Noticed an ice beast
  5445 | D:5      | 5445 ||| INVOKING Heroism.
  5447 | D:5      | Reached XP level 7. HP: 41/41 MP: 8/11
  5459 | D:5      | Reached skill level 1 in Invocations
  5478 | D:5      | 5478 ||| Stepping ~*~*~tactically~*~*~ (hiding).
  5493 | D:5      | 5493 ||| INVOKING Heroism.
  5529 | D:5      | 5529 ||| INVOKING Heroism.
  5543 | D:5      | 5543 ||| Stepping ~*~*~tactically~*~*~ (stealth).
  5548 | D:5      | 5548 ||| INVOKING Heroism.
  5551 | D:5      | Mangled by an ogre

Levels and vault maps discovered:
D:1:      dpeg_arrival_concentric_ovals, layout_basic, minmay_tromino_mix6
D:2:      layout_basic, shapermc_ecumenical_altar_flowoftime
D:3:      layout_rooms, serial_shops, shop
D:4:      layout_gridville, grunt_qazlal_clouds, minmay_temple_entry_slanted,
          chequers_serial_rivers_small_b
D:5:      layout_rooms, nzn_hepliaklqana_mist_gate, portal_sewer_entry_b,
          minmay_tree_intersection
Temple:   eino_temple_rhombus

Skill      XL: |  1  2  3  4  5  6  7 |
---------------+----------------------+-----
Axes           | 3 4 5 6 7 |  7.6
Shields        | 1 2 |  2.0
Armour         | 2 |  2.0
Fighting       | 3 |  3.0
Invocations    | 2 |  2.1
Throwing       | |  1.0
Dodging        | |  2.1
Spellcasting   | |  2.0
Translocations | |  2.4

Action                   |  1- 3 |  4- 6 |  7- 9 || total
-------------------------+-------+-------+-------++-------
Melee: Hand axe          |    94 |   100 |       ||   194
       Kick              |    25 |    44 |     6 ||    75
       Peck              |    10 |    13 |     7 ||    30
       Punch             |     2 |       |       ||     2
       War axe           |       |    47 |    26 ||    73
Throw: Boomerang         |     7 |       |       ||     7
Invok: Heroism           |       |     2 |     3 ||     5
  Use: Scroll            |     4 |    13 |       ||    17
       Potion            |     1 |     5 |       ||     6
Armor: Leather armour    |    19 |       |       ||    19
       Ring mail         |       |    29 |       ||    29
       Chain mail        |       |    15 |     2 ||    17
Dodge: Dodged            |    44 |    62 |     9 ||   115
Block: Buckler           |       |    24 |     5 ||    29

Table legend:
 A = Non-vault XP
 B = Vault XP
 C = Vault XP percentage of total XP
 D = Non-vault monster count
 E = Vault monster count
 F = Vault count percentage of total count
                 A         B        C        D         E       F
            +---------+---------+-------+---------+---------+-------
      Total |     970 |       2 |   0.2 |      93 |       2 |   2.1
            +---------+---------+-------+---------+---------+-------
        D:1 |      41 |       2 |   4.7 |      23 |       2 |   8.0
        D:2 |      42 |       0 |   0.0 |      15 |       0 |   0.0
        D:3 |      92 |       0 |   0.0 |      21 |       0 |   0.0
        D:4 |     198 |       0 |   0.0 |      18 |       0 |   0.0
        D:5 |     597 |       0 |   0.0 |      16 |       0 |   0.0
            +---------+---------+-------+---------+---------+-------
